 Dungeon Crawl Stone Soup version 0.28-b1-25-g9875b3f (webtiles) character file.

Game seed: 12546651616568083099

22205 Host24 the Sharpshooter (level 13, -6/80 HPs)
             Began as a Kobold Hunter on Jan 31, 2022.
             Was a High Priest of Okawaru.
             Mangled by a naga (15 damage)
             ... on level 2 of the Lair of Beasts.
             The game lasted 01:21:08 (24563 turns).

Host24 the Sharpshooter (Kobold Hunter)            Turns: 24563, Time: 01:21:09

Health: -6/80      AC: 17    Str: 12    XL:     13   Next: 25%
Magic:  0/18       EV: 15    Int: 12    God:    Okawaru [*****.]
Gold:   474        SH:  0    Dex: 18    Spells: 12/12 levels left

rFire   . . .      SeeInvis .   V - +4 morningstar (freeze)
rCold   . . .      Faith    .   (no shield)
rNeg    . . .      Spirit   +   J - +1 swamp dragon scales
rPois   +          Reflect  .   A - +2 hat
rElec   .          Harm     .   (no cloak)
rCorr   +          Rampage  ∞   I - +0 pair of gloves
Will    .....                   g - +3 pair of seven-league boots {Rampage+∞}
Stlth   ++........              w - amulet of guardian spirit
HPRegen 0.23/turn               T - ring of poison resistance
MPRegen 0.16/turn               Q - ring of resist corrosion

@: about to teleport, constricted, studying Ice Magic
A: small, no large weapons, nightstalker 3
a: Renounce Religion, Heroism, Finesse, Duel


You were on level 2 of the Lair of Beasts.
You worshipped Okawaru.
Okawaru was extremely pleased with you.
You visited 3 branches of the dungeon, and saw 15 of its levels.

You collected 764 gold pieces.
You spent 290 gold pieces at shops.

Inventory:

Hand Weapons
 p - a +2 triple crossbow of flaming
 V - a +4 morningstar of freezing (weapon)
 Y - the +6 arbalest "Xuczo" {flame, rElec Str-3 Dex+4}
   (You bought it in a shop on level 11 of the Dungeon)

   Any ammunition fired from it burns those it strikes, dealing additional fire
   damage.
   Str:       It affects your strength (-3).
   Dex:       It affects your dexterity (+4).
   rElec:     It insulates you from electricity.
Missiles
 a - 27 arrows
 d - 199 bolts
 e - 23 poisoned darts (quivered)
 i - 413 stones
 l - 19 sling bullets
 q - a throwing net
Armour
 g - the +3 pair of seven-league boots (worn) {Rampage+∞}
   (You found it on level 1 of the Lair of Beasts)

   Its wearer moves as far as possible in that direction when moving towards
   enemies.
 A - a +2 hat (worn)
 I - a +0 pair of gloves (worn)
 J - +1 swamp dragon scales (worn)
Jewellery
 w - an amulet of guardian spirit (around neck)
 Q - a ring of resist corrosion (right hand)
 T - a ring of poison resistance (left hand)
Wands
 y - a wand of digging (6)
 H - a wand of polymorph (14)
 L - a wand of iceblast (24)
 M - a wand of flame (31)
 O - a wand of acid (1)
 R - a wand of mindburst (12)
Scrolls
 c - a scroll of enchant armour
 j - 2 scrolls of blinking
 k - 2 scrolls of teleportation
 m - a scroll of magic mapping
 n - a scroll of fear
 o - 2 scrolls of fog
 r - 3 scrolls of immolation
 v - a scroll of silence
 N - a scroll of holy word
Potions
 b - a potion of ambrosia {unknown}
 f - 3 potions of curing
 s - 2 potions of might
 t - a potion of cancellation
 D - 2 potions of invisibility
 K - a potion of resistance
Miscellaneous
 h - a phantom mirror


   Skills:
 - Level 9.0 Fighting
 - Level 2.2 Maces & Flails
 + Level 18.5 Crossbows
 - Level 5.1 Armour
 - Level 10.0 Dodging
 - Level 1.3 Stealth
 - Level 7.2 Invocations


You had 12 spell levels left.
You didn't know any spells.
Your spell library contained the following spells:

 Spells                   Type           Power      Damage    Failure   Level
 Static Discharge         Conj/Air       0%         N/A       71%         2
 Dispel Undead            Necr           0%         3d6       100%        4
 Sticky Flame             Conj/Fire      0%         2d3       100%        4
 Fireball                 Conj/Fire      0%         3d3       100%        5
 Iskenderun's Battlesphe  Conj           0%         2d6       100%        5
 Conjure Ball Lightning   Conj/Air       0%         3x3d6     100%        6
 Orb of Destruction       Conj           0%         9d5       100%        7


Dungeon Overview and Level Annotations

Branches:
Dungeon (12/15)            Temple (1/1) D:7            Lair (2/6) D:10
  Snake (0/4) Lair:2          Orc (0/2) D:11
  Swamp: Lair:2-4    Shoals: Lair:2-4

Altars:
Ashenzari
Cheibriados
Dithmenos
Elyvilon
Fedhas
Gozag
Hepliaklqana
Kikubaaqudgha
Makhleb
Nemelex Xobeh
Okawaru
Qazlal
Ru
Sif Muna
Trog
Uskayaw
Vehumet
Wu Jian
Xom
Yredelemnul
Zin
The Shining One

Shops:
D:5 *   D:11 ?*(

Annotations:
D:3 Grinder
D:6 Dowan, Duvessa


Innate Abilities, Weirdness & Mutations

You are small and have problems with some larger weapons.
You are completely attuned to the shadows.


Message History

The harpoon shot hits you!
You are yanked forward by the harpoon shot.
The komodo dragon bites you. The komodo dragon bites you!
The swamp worm fires a harpoon shot at you.
The harpoon shot hits you!
You are yanked forward by the harpoon shot.
The komodo dragon misses you.
The swamp worm fires a harpoon shot at you.
The harpoon shot hits you!
You are yanked forward by the harpoon shot.
The komodo dragon completely misses you.
The swamp worm fires a harpoon shot at you.
The harpoon shot hits you!
You are yanked forward by the harpoon shot.
The swamp worm bites you but does no damage.
The komodo dragon bites you!!
* * * LOW HITPOINT WARNING * * *
Okay, then.
Blink to where?
Press: ? - help, Dir - move target, p - swamp worm
As you read the scroll of blinking, it crumbles to dust.
You stride towards the naga!
The naga shouts!
You hit the naga. You freeze the naga.
The naga is lightly wounded.
The naga misses you. The naga grabs you. The naga constricts you.
The naga's grasp on you weakens, but your attempt to escape fails.
The naga hits you with a +2 vorpal mace.
* * * LOW HITPOINT WARNING * * *
The naga constricts you.
* * * LOW HITPOINT WARNING * * *
As you read the scroll of teleportation, it crumbles to dust.
You feel strangely unstable.
The naga hits you with a +2 vorpal mace!
* * * LOW HITPOINT WARNING * * *
x2 The naga constricts you.
You feel better.
The naga hits you with a +2 vorpal mace!
You die...

..........####.........#...#.....
..........# ##...#...####.......
.'###...### #..#.#w### #........
#.####### ##.......# ####.....
...# ##...#.## #..... ..##
#...#### #..##+ #..# ##w###
###.Y.## #.## #...# ###.......
#.# ### #@..### #.#....... #.####
###.#####N....###.........
#..#.###.##.#.....)..........>...
..............#..................
##.###P.###.##.#.........#.......
##.###### ######.....#####.......
#...### #.....# ###...## ##....#
##..### #...#.. ##..## ##....#
##.....


You could see a swamp worm and a naga.

Vanquished Creatures
  2 boulder beetles
  A hydra (Lair:2)
  3 death yaks (D:10)
  A cyclops (D:11)
  An elephant (Lair:2)
  A guardian serpent (Lair:1)
  2 black mambas
  5 cane toads
  2 gargoyles
  Maggie (D:10)
  An unseen horror (D:10)
  3 rime drakes
  2 komodo dragons
  A troll (D:7)
  2 hornets
  A polar bear (D:12)
  Prince Ribbit (D:9)
  3 blink frogs (Lair:1)
  4 slime creatures
  2 wyverns
  25 yaks
  2 basilisks
  3 vampire mosquitoes (D:11)
  3 steam dragons
  3 nagas (Lair:2)
  4 water moccasins
  An ice beast (D:12)
  A hornet zombie (D:9)
  6 orc warriors
  2 sky beasts (D:7)
  3 black bears
  3 ogres
  2 necrophages
  7 wolves
  6 centaurs
  A kobold brigand (D:8)
  5 bullfrogs
  A gnoll sergeant (D:11)
  2 scorpions
  A water moccasin zombie (D:5)
  14 wights
  3 electric eels (D:8)
  A howler monkey (D:6)
  2 centaur zombies
  4 hounds
  A jelly (D:4)
  8 orc priests
  2 centaur skeletons
  5 iguanas
  3 orc wizards
  3 hell rats (D:10)
  Robin (D:2)
  5 gnolls (D:11)
  A howler monkey skeleton (D:5)
  5 adders
  3 river rats (D:10)
  5 white imps
  2 worms
  4 dart slugs
  34 orcs
  6 bats
  12 endoplasms
  3 giant cockroaches
  11 goblins
  9 hobgoblins
  5 quokkas
  3 ball pythons
  A frilled lizard (D:2)
  8 kobolds
  6 rats
290 creatures vanquished.

Vanquished Creatures (others)
  An orc wizard (D:8)
  4 orcs
  15 fungi
  13 plants
33 creatures vanquished.

Grand Total: 323 creatures vanquished

Notes
Turn   | Place    | Note
-------+----------+-------------------------------------------
     0 | D:1      | Host24 the Kobold Hunter began the quest for the Orb.
     0 | D:1      | Reached XP level 1. HP: 12/12 MP: 1/1
   146 | D:1      | Found a faded altar of an unknown god.
   170 | D:1      | Reached skill level 5 in Crossbows
   329 | D:1      | Reached XP level 2. HP: 18/18 MP: 2/2
   882 | D:1      | Reached XP level 3. HP: 21/23 MP: 3/3
  1314 | D:2      | Noticed Robin
  1521 | D:2      | Killed Robin
  1522 | D:2      | Reached XP level 4. HP: 28/28 MP: 4/4
  1756 | D:2      | Reached skill level 6 in Crossbows
  2432 | D:3      | Noticed Grinder
  2756 | D:3      | Reached XP level 5. HP: 28/32 MP: 3/5
  2880 | D:3      | Reached skill level 7 in Crossbows
  3260 | D:3      | Found a faded altar of an unknown god.
  3265 | D:3      | Found a burning altar of Makhleb.
  3359 | D:4      | Noticed a necrophage
  3502 | D:4      | Reached XP level 6. HP: 31/37 MP: 4/6
  3656 | D:4      | Reached skill level 8 in Crossbows
  3805 | D:4      | Found an ancient bone altar of Kikubaaqudgha.
  4077 | D:3      | Paralysed by Grinder for 2 turns
  4342 | D:5      | Entered Level 5 of the Dungeon
  4342 | D:5      | Found Gawneo Reeqe's General Store.
  4353 | D:5      | Bought a scroll of identify for 24 gold pieces
  4401 | D:5      | Reached skill level 9 in Crossbows
  4401 | D:5      | Reached XP level 7. HP: 38/41 MP: 5/7
  4478 | D:5      | Found a shimmering altar of Xom.
  4479 | D:5      | Found a shimmering altar of Xom.
  4497 | D:5      | Found a shimmering altar of Xom.
  5099 | D:5      | Reached skill level 10 in Crossbows
  5769 | D:5      | Reached XP level 8. HP: 48/48 MP: 8/8
  5834 | D:5      | Reached skill level 5 in Fighting
  6028 | D:5      | Found a shimmering altar of Xom.
  6074 | D:6      | Noticed Dowan
  6075 | D:6      | Noticed Duvessa
  7042 | D:6      | Reached skill level 1 in Armour
  7110 | D:6      | Found an ornate altar of the Wu Jian Council.
  7142 | D:6      | Reached skill level 5 in Dodging
  7198 | D:5      | Reached XP level 9. HP: 16/56 MP: 5/9
  9336 | D:7      | Found a staircase to the Ecumenical Temple.
  9342 | Temple   | Entered the Ecumenical Temple
  9575 | Temple   | Became a worshipper of Warmaster Okawaru
 10640 | D:7      | Reached skill level 1 in Invocations
 11006 | D:7      | Reached * piety under Okawaru
 11374 | D:7      | Noticed a troll
 11401 | D:7      | Killed a troll
 11402 | D:7      | Reached skill level 5 in Invocations
 11402 | D:7      | Reached XP level 10. HP: 34/66 MP: 6/14
 12004 | D:8      | Noticed a two-headed ogre
 12601 | D:8      | Noticed a boulder beetle
 13271 | D:9      | Noticed Prince Ribbit
 13287 | D:9      | Killed Prince Ribbit
 13288 | D:9      | Reached skill level 11 in Crossbows
 13763 | D:9      | Reached ** piety under Okawaru
 13830 | D:9      | Noticed a two-headed ogre
 13906 | D:9      | Reached skill level 12 in Crossbows
 14057 | D:9      | You fall into a shaft and drop 1 floor!
 14057 | D:10     | Entered Level 10 of the Dungeon
 14064 | D:10     | Noticed a gargoyle
 14074 | D:10     | Killed a gargoyle
 14103 | D:10     | Found a basalt altar of Yredelemnul.
 14118 | D:10     | Found a sacrificial altar of Ru.
 14211 | D:10     | Noticed a death yak
 14278 | D:10     | Paralysed by a hornet for 1 turns
 15346 | D:9      | Reached skill level 13 in Crossbows
 15831 | D:10     | Killed an unseen horror
 15831 | D:10     | Reached *** piety under Okawaru
 16102 | D:10     | Noticed Maggie
 16291 | D:10     | Reached skill level 14 in Crossbows
 16291 | D:10     | Reached XP level 11. HP: 67/71 MP: 13/15
 16436 | D:10     | Killed Maggie
 16689 | D:10     | Noticed a death yak
 16872 | D:10     | Found a staircase to the Lair.
 16878 | D:10     | Noticed a death yak
 16988 | D:10     | Killed a death yak
 16988 | D:10     | Reached **** piety under Okawaru
 16988 | D:10     | Received a gift from Okawaru
 17166 | D:10     | Killed a death yak
 17166 | D:10     | Received a gift from Okawaru
 17307 | D:9      | Reached skill level 15 in Crossbows
 17601 | D:10     | Killed a death yak
 17604 | D:10     | Received a gift from Okawaru
 17802 | D:11     | Noticed a cyclops
 17969 | D:11     | Killed a cyclops
 18212 | D:11     | Reached skill level 16 in Crossbows
 18361 | D:11     | Found Hilots's Antique Weapon Emporium.
 18380 | D:11     | Bought a dazzling arbalest for 266 gold pieces
 18380 | D:11     | Identified the +6 arbalest "Xuczo" {flame, rElec Str-3
                  | Dex+4} (You bought it in a shop on level 11 of the Dungeon)
 18385 | D:11     | Noticed a boulder beetle
 18891 | D:11     | Reached ***** piety under Okawaru
 19002 | D:11     | Found Qoaro's Assorted Antiques.
 19197 | D:11     | Found a staircase to the Orcish Mines.
 19222 | D:11     | Received a gift from Okawaru
 19425 | D:11     | Reached XP level 12. HP: 71/76 MP: 14/16
 19433 | D:11     | Received a gift from Okawaru
 19562 | D:11     | Reached skill level 17 in Crossbows
 19755 | D:11     | Found Wassarad's Magic Scroll Emporium.
 20088 | D:11     | Killed a boulder beetle
 20378 | D:12     | Noticed an ice dragon
 20501 | Lair:1   | Entered Level 1 of the Lair of Beasts
 20534 | Lair:1   | Reached skill level 18 in Crossbows
 20601 | Lair:1   | Received a gift from Okawaru
 21368 | Lair:1   | Noticed a boulder beetle
 21387 | Lair:1   | Killed a boulder beetle
 21389 | Lair:1   | Received a gift from Okawaru
 21591 | Lair:1   | Found the +3 pair of seven-league boots {Rampage+∞}
 22089 | Lair:1   | Reached skill level 5 in Armour
 22796 | Lair:2   | Noticed a seven-headed hydra
 23139 | Lair:2   | Received a gift from Okawaru
 23145 | Lair:2   | Reached skill level 1 in Maces & Flails
 23145 | Lair:2   | Reached XP level 13. HP: 47/80 MP: 10/18
 23452 | Lair:2   | Killed a seven-headed hydra
 23452 | Lair:2   | Received a gift from Okawaru
 23732 | Lair:2   | Reached skill level 10 in Dodging
 23742 | Lair:2   | Found a staircase to the Snake Pit.
 23752 | Lair:2   | Received a gift from Okawaru
 23752 | Lair:2   | Noticed a catoblepas
 24505 | Lair:2   | Received a gift from Okawaru
 24562 | Lair:2   | HP: 3/80 [naga (7)]
 24563 | Lair:2   | Mangled by a naga

Illustrated notes

Levels and vault maps discovered:
D:1:      ncdulo_smallfort, layout_basic, dreamdust_ecumenical_altar_grove,
          chequers_serial_rivers_small_a
D:2:      minmay_door_path, layout_rooms, uniq_robin
D:3:      layout_rooms, nicolae_overflow_ecumenical_swirl, uniq_grinder
D:4:      layout_basic, mainiacjoe_overflow_surrounded_room,
          nicolae_concentric_dashed_squares_wild
D:5:      layout_basic, xom_redecorated, serial_shops, shop
D:6:      layout_basic, nicolae_wu_jian_glorious_leap, due_unseen_surprise,
          uniq_duvessa
D:7:      layout_rooms, minmay_temple_entry_trees
D:8:      hellmonk_warped_wall, layout_rooms, serial_corexii_hall,
          chequers_hall_statues_corner_a, corexii_hall_statues_x
D:9:      layout_stronghold, minmay_misc_feat_nine_boxes, uniq_prince_ribbit1
D:10:     layout_basic, mainiacjoe_overflow_swirl, dpeg_lair_monsters,
          chequers_garden, uniq_maggie
D:11:     layout_loops_ring, david_orc_1_choice, serial_shops, shop_fountains,
          shop, nicolae_shop_hallway_stairs
D:12:     minmay_coctagon, layout_loops_cross,
          nicolae_uskayaw_murder_on_the_dancefloor, uniq_frances, uniq_kirke
Temple:   nicolae_temple_elliptical
Lair:1:   layout_hall_layers, hellmonk_guarded_unrand_seven_league_boots,
          lemuel_fruit_tree
Lair:2:   layout_roguey, minmay_swamp_entry_worms,
          minmay_snake_entry_guardpost_small, nicolae_lair_lakeside_cave

Skill      XL: |  1  2  3  4  5  6  7  8  9 10 11 12 13 |
---------------+----------------------------------------+-----
Crossbows      | 5 6 7 9 10 14 16 18 | 18.5
Fighting       | 3 4 6 9 |  9.0
Dodging        | 3 5 6 9 10 | 10.0
Armour         | 1 4 5 |  5.1
Invocations    | 5 6 7 |  7.2
Maces & Flails | 1 2 |  2.2
Stealth        | |  1.3

Action                   |  1- 3 |  4- 6 |  7- 9 | 10-12 | 13-15 || total
-------------------------+-------+-------+-------+-------+-------++-------
Melee: Short sword       |    78 |   165 |    90 |       |       ||   333
       Punch             |     1 |     3 |       |     7 |     1 ||    12
       Unarmed           |       |       |     2 |       |       ||     2
       Long sword        |       |       |    56 |    89 |       ||   145
       Hand axe          |       |       |    45 |       |       ||    45
       Morningstar       |       |       |       |   273 |    37 ||   310
 Fire: Hand crossbow     |     5 |    51 |   184 |    23 |       ||   263
       Arbalest          |       |       |       |   223 |    38 ||   261
Throw: Dart              |       |       |     6 |     4 |       ||    10
Invok: Heroism           |       |       |     2 |    10 |     1 ||    13
       Finesse           |       |       |       |     1 |       ||     1
  Use: Scroll            |       |     7 |     3 |    12 |     2 ||    24
       Potion            |       |     4 |       |     8 |     2 ||    14
 Stab: Sleeping          |     9 |    14 |     5 |     3 |       ||    31
       Distracted        |       |       |       |     2 |     1 ||     3
Armor: Leather armour    |    16 |    38 |    94 |       |       ||   148
       Steam dragon scal |       |       |       |    43 |       ||    43
       Troll leather arm |       |       |       |    10 |       ||    10
       Swamp dragon scal |       |       |       |   126 |    37 ||   163
Dodge: Dodged            |    47 |   136 |   226 |   506 |    98 ||  1013
Block: Kite shield       |       |       |   173 |    21 |       ||   194
